 Dungeon Crawl Stone Soup version 0.22-a0-322-g60b3cfd (webtiles) character file.

654 xccam the Cleaver (level 7, -9/52 HPs)
             Began as a Formicid Fighter on Apr 2, 2018.
             Was a Follower of Cheibriados.
             Mangled by an ogre
             ... wielding a +0 giant club
              (24 damage)
             ... on level 4 of the Dungeon.
             The game lasted 00:07:36 (2914 turns).

xccam the Cleaver (Formicid Fighter)                Turns: 2914, Time: 00:07:37

Health: -9/52      AC:  6    Str: 25    XL:     7   Next: 84%
Magic:  7/7        EV:  8    Int:  6    God:    Cheibriados [*.....]
Gold:   149        SH: 10    Dex: 12    Spells: 6/6 levels left

rFire    . . .     SeeInvis +   a - +1 war axe
rCold    . . .     Gourm    .   c - +0 shield
rNeg     . . .     Faith    .   b - +0 scale mail
rPois    .         Spirit   .   (helmet unavailable)
rElec    .         Reflect  .   (no cloak)
rCorr    +         Harm     .   (no gloves)
MR       .....                  (no boots)
Stlth    ..........             d - amulet of regeneration
HPRegen  0.57/turn              e - ring of resist corrosion
MPRegen  0.10/turn              s - -3 ring of intelligence (curse)

@: lethally poisoned (-9 -> -9), very slow
A: permanent stasis, dig shafts and tunnels, four strong arms, antennae 3
a: Dig, Shaft Self, Bend Time, Renounce Religion


You were on level 4 of the Dungeon.
You worshipped Cheibriados.
Cheibriados was aware of your devotion.
You were not hungry.

You visited 1 branch of the dungeon, and saw 4 of its levels.

You collected 149 gold pieces.

Inventory:

Hand Weapons
 a - a +1 war axe (weapon)
Armour
 b - a +0 scale mail (worn)
 c - a +0 shield (worn)
Jewellery
 d - an amulet of regeneration (around neck)
 e - a ring of resist corrosion (left hand)
 s - a cursed -3 ring of intelligence (right hand)
Wands
 h - a wand of flame (40)
 o - a wand of polymorph (14)
 q - a wand of paralysis (12)
Scrolls
 g - 6 scrolls of identify
 j - 3 scrolls of fear
 k - a scroll of enchant armour {unknown}
 m - a scroll of immolation {unknown}
 p - a scroll of remove curse
 t - 2 scrolls of teleportation {unknown}
 v - a scroll of noise {unknown}
Potions
 l - a potion of ambrosia
 n - a potion of brilliance {unknown}
 r - a potion of flight {unknown}
 u - a potion of mutation {unknown}
Comestibles
 f - 4 rations
 i - 3 chunks of flesh


   Skills:
 - Level 3.2 Fighting
 + Level 8.2 Axes
 - Level 3.2 Armour
 - Level 3.6 Shields


You had 6 spell levels left.
You didn't know any spells.

Dungeon Overview and Level Annotations

Branches:
Dungeon (4/15)
 Temple: D:4-7

Altars:
Cheibriados
Gozag
Qazlal


Innate Abilities, Weirdness & Mutations

You cannot be hasted, slowed, berserked, paralysed or teleported.
You can dig through walls and to a lower floor.
Your four strong arms can wield two-handed weapons with a shield.
You have a pair of large antennae on your head. (SInv)


Message History

Found a hand axe.
An ogre comes into view. It is wielding a giant club.
You feel sick.
The ogre shouts!
You hit the ogre.
The ogre is lightly wounded.
The ogre hits you with a giant club!
You hit the ogre.
The ogre is lightly wounded.
You feel sick. The ogre hits you with a giant club!!
* * * LOW HITPOINT WARNING * * *
You are too injured to fight recklessly!
You are too injured to fight recklessly!
You are too injured to fight recklessly!
A hound comes into view.
Are you sure you want to shaft yourself?
You feel quite a bit more hungry.
The hound barks!
The ogre hits you with a giant club!!
You die...

......##.# .....).#.###
## ........... .. ..
........ ... .. ......
.....# #.# #.....#..
#.#%# #.# #.....#.#
#.###)..###.#####..#....#
#......O...............#
#####...@##...###..#...##
###...........##.....
###h.##.##....รท...#..
........#......##....
..###.......#..#..#.)..
#...........##.#.... {
........#..####......
.....................
.........#.......#....


You could see an ogre and a hound.

Vanquished Creatures
  The ghost of sankara the Ruffian, a novice MiTm of Ru (D:4)
  A crimson imp (D:2)
  2 orc wizards
  Natasha (thrice) (D:4)
  Ijyb (D:4)
  A worker ant (D:4)
  4 gnolls (D:3)
  An adder (D:3)
  4 oozes
  An adder skeleton (D:4)
  A worm (D:2)
  4 dart slugs
  3 leopard geckos
  12 orcs
  6 bats
  4 giant cockroaches
  6 hobgoblins
  7 jackals
  A quokka (D:3)
  2 ball pythons
  7 frilled lizards
  6 goblins
  4 kobolds
  11 rats
93 creatures vanquished.

Notes
Turn   | Place    | Note
-------+----------+-------------------------------------------
     0 | D:1      | xccam the Formicid Fighter began the quest for the Orb.
     0 | D:1      | Reached XP level 1. HP: 18/18 MP: 1/1
    42 | D:1      | Reached XP level 2. HP: 20/24 MP: 2/2
   103 | D:1      | Reached skill level 3 in Axes
   148 | D:1      | Reached XP level 3. HP: 25/29 MP: 3/3
   450 | D:1      | Reached skill level 4 in Axes
   450 | D:1      | Reached XP level 4. HP: 32/35 MP: 4/4
   872 | D:2      | Reached XP level 5. HP: 37/41 MP: 5/5
  1478 | D:3      | Reached skill level 5 in Axes
  1778 | D:3      | Found a snail-covered altar of Cheibriados.
  1785 | D:3      | Became a worshipper of Cheibriados the Contemplative
  1861 | D:3      | Found a stormy altar of Qazlal.
  1862 | D:3      | Found an opulent altar of Gozag.
  2036 | D:3      | Reached XP level 6. HP: 25/47 MP: 6/6
  2320 | D:3      | Found a faded altar of an unknown god.
  2507 | D:4      | Noticed Ijyb
  2513 | D:4      | Reached * piety under Cheibriados
  2513 | D:4      | Reached skill level 6 in Axes
  2515 | D:4      | Killed Ijyb
  2527 | D:4      | Noticed Natasha
  2535 | D:4      | Killed Natasha
  2746 | D:4      | Noticed sankara's ghost (novice MiTm)
  2775 | D:4      | Killed sankara's ghost
  2775 | D:4      | Reached skill level 7 in Axes
  2775 | D:4      | Reached XP level 7. HP: 13/52 MP: 7/7
  2859 | D:4      | Noticed Natasha
  2867 | D:4      | Killed Natasha
  2867 | D:4      | Reached skill level 8 in Axes
  2877 | D:4      | Noticed Natasha
  2884 | D:4      | Killed Natasha
  2914 | D:4      | Mangled by an ogre

Vault maps used:
D:1:      saegor_arrival_simple_e, serial_glass, glass_columns_a,
          glass_columns_a, glass_columns_c, glass_columns_c, glass_columns_c,
          glass_columns_a, minmay_strange_pillars, item_on_display_a,
          minmay_strange_pillars, minmay_strange_pillars, minmay_misc_feat_five
D:2:      grunt_ministairs_9, serial_bayou_pond_c
D:3:      cheibriados_altar_1, gammafunk_temple_overflow_pools,
          chequers_ecumenical_altar_grove
D:4:      old_standard_altar, tso_metal_star, st_stairs_11, uniq_natasha,
          uniq_ijyb

Skill      XL: |  1  2  3  4  5  6  7 |
---------------+----------------------+-----
Axes           | 3 4 5 7 8 |  8.2
Fighting       | |  3.2
Armour         | |  3.2
Shields        | |  3.6

Action                   |  1- 3 |  4- 6 |  7- 9 || total
-------------------------+-------+-------+-------++-------
Melee: War axe           |    78 |   225 |    20 ||   323
 Abil: Shaft Self        |       |       |     1 ||     1
  Use: Scroll            |       |     4 |       ||     4
       Potion            |       |     4 |       ||     4
  Eat: Chunk             |       |     6 |     1 ||     7
Armor: Scale mail        |    23 |    74 |     6 ||   103
       Skin              |       |     4 |       ||     4
Dodge: Dodged            |    22 |    74 |     2 ||    98
Block: Shield            |    54 |    99 |     3 ||   156

Table legend:
 A = Spawn XP
 B = Non-spawn XP
 C = Spawn XP percentage of total XP
 D = Spawn monster count
 E = Non-spawn monster count
 F = Spawn count percentage of total count
 G = Total turns spent on level
                    A         B        C        D         E        F      G
               +---------+---------+-------+---------+---------+-------+---------
         Total |       0 |     935 |   0.0 |       0 |      93 |   0.0 |  2914
               +---------+---------+-------+---------+---------+-------+---------
           D:1 |       0 |      72 |   0.0 |       0 |      33 |   0.0 |   579
           D:2 |       0 |      80 |   0.0 |       0 |      17 |   0.0 |   836
           D:3 |       0 |     153 |   0.0 |       0 |      28 |   0.0 |  1058
           D:4 |       0 |     630 |   0.0 |       0 |      15 |   0.0 |   441
               +---------+---------+-------+---------+---------+-------+---------
